AoeStats
← wascue

Arena

507113265Analyzed
4v4 RM · 15d ago on Sep 16, 2026· 49m 20s· 8 players
Game mode
Random Map
Map size
Large (8 player)
Population
200
Speed
Normal
Resources
Standard
Victory
Conquest
Starting age
Dark Age
Ending age
Imperial Age
RankedLock teamsTeams togetherTeam positionsShared explorationLock speedFull tech treeHidden civsTurbo modeCheats
Victory
Defeat
🇧🇷 Burgundians · Brazil
931
+16
🇹🇷 Saracens · Türkiye
909
+17
🇵🇪 Shu · Peru
898
+18
🇩🇪 Persians · Germany
884
+18
🇹🇷 Huns · Türkiye
1011
-20
🇹🇷 Japanese · Türkiye
992
-19
🇹🇷 Spanish · Türkiye
881
-15
🇺🇸 Ethiopians · United States
872
-15
Will
7:11 Loom
9:27 Feudal Age
8:01 Horse Collar
8:23 Double-Bit Axe
12:42 Heavy Plow
17:58 Castle Age
16:52 Forging
17:44 Scale Barding Armor
17:35 Gold Mining
18:01 Bow Saw
19:02 Wheelbarrow
18:02 Cavalier
19:42 Husbandry
24:55 Stone Mining
27:30 Iron Casting
29:54 Chain Barding Armor
37:53 Imperial Age
37:39 Gold Shaft Mining
40:24 Chemistry
41:28 Ballistics
45:42 Plate Barding Armor
Heftilus
12:00 Feudal Age
13:27 Loom
16:19 Castle Age
16:21 Double-Bit Axe
16:21 Horse Collar
17:29 Heavy Plow
31:11 Imperial Age
29:20 Wheelbarrow
29:59 Double-Bit Axe
30:07 Gold Mining
30:18 Stone Mining
31:28 Elite War Elephant
32:40 Hand Cart
33:04 Crop Rotation
32:43 Town Watch
32:44 Loom
33:12 Scale Barding Armor
33:18 Forging
33:10 Devotion
34:30 Gold Shaft Mining
34:32 Stone Shaft Mining
34:00 Husbandry
34:11 Bloodlines
34:22 Conscription
34:27 Chain Barding Armor
34:42 Iron Casting
34:45 Bow Saw
35:45 Plate Barding Armor
35:30 Town Patrol
36:39 Caravan
39:14 Blast Furnace
38:07 Fletching
38:40 Ballistics
38:18 Murder Holes
40:33 Faith
41:28 Bodkin Arrow
42:35 Chemistry
41:46 Masonry
43:53 Hoardings
43:29 Citadels
43:20 Kamandaran
43:23 Scale Mail Armor
43:23 Padded Archer Armor
43:33 Squires
43:19 Arson
46:52 Sappers
47:41 Chain Mail Armor
47:42 Leather Archer Armor
48:24 Architecture
47:45 Guard Tower
48:07 Fervor
48:13 Block Printing
47:53 Herbal Medicine
48:35 Theocracy
47:22 Cavalier
47:24 Pikeman
49:22 Coinage
49:02 Guilds
48:46 Gambesons
48:22 Halberdier
49:34 Plate Mail Armor
49:35 Ring Archer Armor
`TryAki
0:27 Loom
10:51 Feudal Age
19:00 Castle Age
17:55 Horse Collar
18:02 Double-Bit Axe
18:21 Gold Mining
18:21 Stone Mining
36:34 Imperial Age
34:51 Caravan
34:55 Heavy Plow
35:38 Gold Shaft Mining
37:00 Bow Saw
37:39 Conscription
36:44 Elite Mameluke
38:56 Two-Man Saw
39:14 Counterweights
40:12 Wheelbarrow
39:22 Town Watch
41:28 Padded Archer Armor
41:20 Fletching
41:44 Forging
41:39 Scale Barding Armor
43:06 Leather Archer Armor
42:47 Bodkin Arrow
0204isaias
2:30 Loom
11:35 Feudal Age
12:21 Double-Bit Axe
17:33 Castle Age
16:01 Horse Collar
20:18 Bow Saw
21:30 Gold Mining
23:23 Gambesons
23:26 Arson
23:45 Scale Mail Armor
24:06 Heavy Plow
24:56 Chain Mail Armor
25:38 Forging
26:30 Squires
34:22 Imperial Age
34:48 Wheelbarrow
35:25 Conscription
36:50 Hand Cart
36:21 Town Watch
37:51 Capped Ram
39:43 Plate Mail Armor
39:31 Coiled Serpent Array
41:15 Chemistry
45:51 Thumb Ring
45:31 Elite Skirmisher
46:06 Fletching
46:17 Padded Archer Armor
46:47 Ballistics
47:39 Two-Man Saw
47:11 Bodkin Arrow
49:58 Bracer
ComeNgetMe17
4:16 Loom
9:41 Feudal Age
10:08 Double-Bit Axe
16:38 Castle Age
15:47 Stone Mining
16:36 Wheelbarrow
22:10 Horse Collar
23:32 Town Watch
24:58 Scale Mail Armor
25:09 Forging
29:21 Imperial Age
27:27 Heavy Plow
29:10 Hand Cart
29:19 Hand Cart
30:04 Iron Casting
29:44 Chain Mail Armor
29:20 Fletching
31:40 Bodkin Arrow
31:57 Gold Mining
32:42 Stone Shaft Mining
32:28 Fortified Wall
33:18 Chemistry
33:21 Blast Furnace
33:14 Masonry
33:48 Elite Shotel Warrior
35:08 Conscription
36:37 Gold Shaft Mining
36:31 Bow Saw
36:18 Capped Ram
37:51 Chain Mail Armor
39:50 Plate Mail Armor
39:21 Bracer
42:56 Royal Heirs
44:03 Halberdier
Kebabs&Roses
3:32 Loom
10:46 Feudal Age
14:42 Castle Age
13:11 Double-Bit Axe
14:57 Horse Collar
16:37 Bow Saw
19:57 Stone Mining
21:16 Loom
21:30 Gold Mining
22:22 Fletching
23:39 Wheelbarrow
23:53 Bodkin Arrow
24:27 Masonry
laz_lordu
0:45 Loom
11:28 Feudal Age
17:21 Castle Age
15:32 Double-Bit Axe
17:07 Horse Collar
18:32 Town Watch
22:22 Gold Mining
22:03 Pikeman
24:17 Forging
26:02 Wheelbarrow
27:11 Fletching
28:13 Bow Saw
29:44 Iron Casting
30:25 Arson
33:55 Scale Mail Armor
38:53 Imperial Age
36:52 Squires
37:01 Stone Mining
39:59 Kataparuto
41:06 Blast Furnace
42:15 Conscription
wascue
0:36 Loom
12:09 Feudal Age
13:29 Wheelbarrow
12:41 Double-Bit Axe
12:37 Horse Collar
19:29 Castle Age
19:04 Gold Mining
19:29 Stone Mining
20:21 Heavy Plow
22:16 Bow Saw
23:33 Hand Cart
29:17 Stone Shaft Mining
28:49 Scale Barding Armor
28:55 Forging
29:31 Fortified Wall
29:19 Murder Holes
29:53 Chain Barding Armor
30:10 Ballistics
35:02 Imperial Age
33:34 Iron Casting
33:48 Masonry
34:34 Bloodlines
34:25 Husbandry
37:27 Chemistry
36:57 Architecture
37:04 Plate Barding Armor
37:30 Blast Furnace
35:52 Light Cavalry
36:55 Conscription
35:56 Elite Conquistador
37:03 Town Watch
36:56 Hussar
37:40 Scale Mail Armor
37:40 Padded Archer Armor
37:31 Fletching
37:48 Town Patrol
40:03 Two-Man Saw
39:28 Squires
39:13 Arson
38:49 Pikeman
39:15 Gambesons
41:29 Onager
42:35 Chain Mail Armor
42:35 Leather Archer Armor
42:16 Bodkin Arrow
46:09 Plate Mail Armor
46:09 Ring Archer Armor
45:39 Bracer
Connection lost

Rejoining the realm…

Still unreachable

The connection could not be restored.

Session expired

The server has moved on; the page needs a fresh start.